 Dungeon Crawl Stone Soup version 0.19-a0-1899-g2d93087 (webtiles) character file.

144498 dobroeutro the Warrior (level 18, -2/172 HPs)
             Began as a Formicid Hunter on Oct 20, 2016.
             Was the Champion of Okawaru.
             Slain by a tarantella (4 damage)
             ... on level 2 of the Spider Nest.
             The game lasted 01:22:15 (30454 turns).

dobroeutro the Warrior (Formicid Hunter)           Turns: 30454, Time: 01:22:16

Health: -2/172     AC:  4    Str: 29    XL:     18   Next: 2%
Magic:  16/16      EV: 12    Int: 15    God:    Okawaru [******]
Gold:   2877       SH: 20    Dex: 13    Spells: 0 memorised, 17 levels left

rFire  + + +     SeeInvis +     L - +6 arbalest "Hosawall" {venom, rF+ rC+}
rCold  + + +     Gourm    .     T - +3 plate armour {rF+}
rNeg   + . .     Faith    .     P - +1 large shield {rF+}
rPois  +         Spirit   .     (helmet unavailable)
rElec  .         Reflect  .     C - +2 cloak
rCorr  .         Harm     .     O - +0 pair of gloves {Str+3}
MR     +....                    N - +0 pair of boots of Okawaru's Envy {rN+ Str+3 Int+4 SInv}
Stlth  ..........               c - amulet of regeneration
                                R - ring of poison resistance
                                b - +5 ring of protection

@: corroded
A: permanent stasis, dig shafts and tunnels, four strong arms, antennae 3,
talons 1, iridescent scales 1, blurry vision 1, cold resistance 2, low mp 1,
robust 1, wild magic 1, MP-powered wands
a: Dig, Shaft Self, Heroism, Finesse, Renounce Religion


You were on level 2 of the Spider Nest.
You worshipped Okawaru.
Okawaru was exalted by your worship.
You were not hungry.

You visited 4 branches of the dungeon, and saw 26 of its levels.
You also visited: Ice Cave and Volcano.

You collected 2877 gold pieces.

Inventory:

Hand Weapons
 g - the +7 arbalest "Samisho Cisch" {freeze, Int+3 Dex+7}
   (Okawaru gifted it to you on level 1 of the Spider Nest)

   It causes projectiles fired from it to freeze those they strike, causing
   extra injury to most foes and up to half again as much damage against
   particularly susceptible opponents.
   They can also slow down cold-blooded creatures.
   It affects your intelligence (+3).
   It affects your dexterity (+7).
 j - a +0 triple crossbow of velocity
 l - a +1 spear of pain
 G - a +3 halberd
 L - the +6 arbalest "Hosawall" (weapon) {venom, rF+ rC+}
   (Okawaru gifted it to you on level 5 of the Lair of Beasts)

   It poisons the ammo it fires.
   It protects you from fire.
   It protects you from cold.
Missiles
 d - 299 bolts (quivered)
Armour
 C - a +2 cloak (worn)
 J - the +3 pair of boots "Huzxepu" {rC+ Str+3}
   (Okawaru gifted it to you on level 14 of the Dungeon)

   It affects your strength (+3).
   It protects you from cold.
 N - the +0 pair of boots of Okawaru's Envy (worn) {rN+ Str+3 Int+4 SInv}
   (Okawaru gifted it to you on level 6 of the Lair of Beasts)

   It affects your strength (+3).
   It affects your intelligence (+4).
   It protects you from negative energy.
   It lets you see invisible.
 O - a +0 pair of gloves of strength (worn)
 P - a +1 large shield of fire resistance (worn)
 Q - a +1 scale mail of cold resistance
 S - a +2 chain mail of fire resistance
 T - a +3 plate armour of fire resistance (worn)
Jewellery
 b - a +5 ring of protection (left hand)
 c - an amulet of regeneration (around neck)
 t - a +2 ring of slaying
 R - a ring of poison resistance (right hand)
Wands
 a - a wand of flame (16/48)
 q - a wand of lightning (7/15)
 v - a wand of iceblast (6/15)
 U - a wand of digging (14/24)
 Z - a wand of digging (8/24)
Scrolls
 h - 3 scrolls of recharging
 n - 5 scrolls of fear
 r - 3 scrolls of enchant armour
 u - 5 scrolls of amnesia
 x - 2 scrolls of identify
 D - 6 scrolls of enchant weapon
 F - a scroll of vulnerability
 K - 7 scrolls of remove curse
 M - 2 scrolls of fog
 X - a scroll of magic mapping
Potions
 e - 2 potions of curing
 i - a potion of might
 k - 3 potions of resistance
 m - 5 potions of cure mutation
 o - 4 potions of heal wounds
 s - 2 potions of agility
 z - 5 potions of brilliance
 H - 4 potions of flight
 I - a potion of mutation
 V - a potion of ambrosia
Comestibles
 f - 15 bread rations
 p - 24 fruits
 w - 2 meat rations
 A - 2 slices of pizza
 B - 7 beef jerkies
 W - 14 royal jellies


   Skills:
 + Level 18.3 Fighting
 + Level 17.2 Crossbows
 + Level 12.5 Armour
 + Level 11.0 Dodging
 - Level 1.2 Stealth
 + Level 10.8 Shields


You had 17 spell levels left.
You didn't know any spells.

Dungeon Overview and Level Annotations

Branches:
Dungeon (15/15)            Temple (0/1) D:5            Lair (6/6) D:9
 Shoals (0/4) Lair:4       Spider (3/4) Lair:2        Slime (0/5) Lair:6
    Orc (2/2) D:10            Elf (0/3) Orc:2        Vaults (0/5) D:14
 Depths (0/5) D:15

Altars:
Elyvilon
Gozag
Hepliaklqana
Kikubaaqudgha
Nemelex Xobeh
Okawaru
Trog
Yredelemnul
The Shining One
Jiyva

Shops:
D:4 *   Orc:2 :*[(

Annotations:
D:12 exclusion: door
Lair:6 1 runed door


Innate Abilities, Weirdness & Mutations

You are under a permanent stasis effect.
You can dig through walls and to a lower floor.
Your four strong arms can wield two-handed weapons with a shield.
You have a pair of large antennae on your head. (SInv)
You have sharp toenails.
You are partially covered in iridescent scales. (AC +2)
Scrolls take you a little longer to read.
Your flesh is very cold resistant. (rC++)
Your magical capacity is low. (-10% MP)
You are robust. (+10% HP)
Your spells are a little harder to cast, but a little more powerful.
You expend magic power (3 MP) to strengthen your wands.


Message History

* * * LOW HITPOINT WARNING * * *
You are lethally poisoned!
The redback poisons you! The entropy weaver hits you.
* * * LOW HITPOINT WARNING * * *
The entropy weaver hits you.
* * * LOW HITPOINT WARNING * * *
You block the entropy weaver's attack. The entropy weaver hits you.
* * * LOW HITPOINT WARNING * * *
Press: ? - help, v - describe, . - travel
Here: an entropy weaver (moderately wounded, poisoned)
The floor.
Okay, then.
Really read with blurry vision while enemies are nearby?
Okay, then.
You feel better. The tarantella bites you.
* * * LOW HITPOINT WARNING * * *
You block the tarantella's attack. The redback bites you.
* * * LOW HITPOINT WARNING * * *
You block the redback's attack. The tarantella bites you.
You die...

#≈###....................
###≈≈^#.....#..##..........
##.............###......^...
##≈#...........##
##.##...... #≈≈###..#......#
####≈..... ##≈≈#.≈≈###>...##
#≈##.#.. ####..#..≈≈###..(##
##≈≈.≈...
#≈≈......≈#≈≈..ssa###
#≈≈≈.....
≈≈≈....≈..≈≈...s@s#.#
####≈.#..
≈≈...............#(## #####≈
≈≈..............#### ##
##..#...^....^### #
≈≈≈#^........##
≈≈≈#.........#
≈≈≈..........#
≈≈≈≈.......#.#
≈≈≈####...####


You could see an entropy weaver, 2 tarantellas and 2 redbacks.

Vanquished Creatures
  Rupert (Lair:6)
  Kirke (Lair:6)
  A frost giant (D:15)
  An orc warlord (Orc:2)
  2 emperor scorpions (Spider:1)
  The ghost of dobroeutro the Fighter, a journeyman FoHu of Okawaru (IceCv)
  An entropy weaver (Spider:1)
  Nessos (D:13)
  A spark wasp (Spider:2)
  An ettin (Orc:1)
  Snorg (D:13)
  8 hydras
  An ogre mage (D:14)
  2 rakshasas
  A yaktaur captain (D:12)
  A merfolk avatar (Lair:6)
  5 centaur warriors
  A death knight (D:15)
  2 tengu warriors
  Urug (Lair:4)
  A deep elf knight (D:14)
  5 orc high priests (Orc:2)
  Nergalle (Lair:3)
  2 skeletal warriors
  2 sea snakes (Lair:6)
  A glowing orange brain (D:13)
  2 unseen horrors
  The ghost of anet the Conjurer, a novice HEWz of Ashenzari (D:7)
  4 orc knights
  2 necromancers
  8 hill giants
  5 orb spiders
  5 deep elf magi
  A deep elf archer (D:15)
  18 wolf spiders
  4 cyclopes
  4 orc sorcerers
  A moth of wrath (Spider:2)
  A manticore (D:12)
  6 ugly things
  Joseph (D:7)
  24 elephants
  2 salamanders (Volcano)
  6 black mambas
  3 torpor snails
  A gargoyle (D:10)
  A molten gargoyle (Lair:2)
  3 ice statues (IceCv)
  11 spiny frogs
  10 centaur skeletons
  4 rime drakes
  A kobold demonologist (D:12)
  9 demonic crawlers
  A yaktaur (D:15)
  3 tengu conjurers (D:15)
  12 komodo dragons
  An efreet (D:13)
  A freezing wraith (D:15)
  9 ice devils (IceCv)
  A queen bee (Lair:4)
  3 meliai (Lair:4)
  A red devil (Volcano)
  8 trolls
  3 wind drakes (Lair:6)
  15 jumping spiders
  A troll (shapeshifter) (D:14)
  7 two-headed ogres
  14 hornets
  Grinder (D:4)
  7 polar bears (Lair:6)
  15 blink frogs
  4 hippogriffs
  5 dream sheep (Lair:6)
  11 slime creatures
  2 shadows (D:14)
  28 redbacks
  7 tarantellas
  7 wyverns
  2 fire elementals (Lair:2)
  3 hogs (Lair:6)
  7 fire bats
  33 yaks
  A wraith (D:12)
  2 basilisks
  3 steam dragons
  A mottled dragon (D:13)
  5 wargs
  3 small abominations (D:13)
  14 water moccasins
  A floating eye (shapeshifter) (D:15)
  4 porcupines
  A swamp drake (Lair:4)
  8 sky beasts
  4 phantoms
  3 ice beasts
  45 orc warriors
  3 black bears
  A necrophage (D:9)
  An eye of draining (D:9)
  17 wolves
  The ghost of Philosophy the Bolt Thrower, an amateur CeHu (D:4)
  8 centaurs
  A boggart (D:13)
  16 ogres
  10 crocodiles
  3 big kobolds
  16 bullfrogs
  2 wyvern zombies
  3 wyvern skeletons
  9 scorpions
  26 killer bees
  15 wights
  3 howler monkeys
  5 electric eels
  14 crimson imps
  A lava snake (Lair:2)
  A bullfrog zombie (D:8)
  A draconian simulacrum (IceCv)
  3 quasits
  A wyvern simulacrum (D:12)
  4 centaur zombies
  4 hounds
  7 jellies
  2 bullfrog skeletons
  17 orc priests
  32 orc wizards
  Ijyb (D:4)
  Natasha (twice) (D:4)
  Terence (D:2)
  6 iguanas
  6 worker ants
  2 yak simulacra (Lair:2)
  14 hell rats
  3 troll simulacra (IceCv)
  5 polar bear simulacra (Lair:2)
  A killer bee zombie (D:9)
  3 spriggan simulacra (IceCv)
  A wolf simulacrum (Lair:2)
  A centaur simulacrum (IceCv)
  3 hound skeletons
  2 worker ant zombies (D:5)
  3 gnolls (D:2)
  12 adders
  A naga simulacrum (IceCv)
  An ogre simulacrum (IceCv)
  9 river rats (Lair:4)
  4 shadow imps
  12 white imps (D:15)
  3 oozes
  An adder skeleton (D:5)
  3 worms
  4 dart slugs
  2 leopard geckos (D:1)
  65 orcs
  4 giant cockroaches
  19 goblins
  6 hobgoblins
  22 jackals
  5 quokkas
  2 ball pythons
  7 bats
  3 frilled lizards
  9 kobolds
  A quokka skeleton (D:7)
  25 rats
  3 river rat simulacra (Lair:2)
  2 fungi
  5 plants
1002 creatures vanquished.

Vanquished Creatures (collateral kills)
  An ice beast (D:8)
  A jackal skeleton (D:8)
2 creatures vanquished.

Vanquished Creatures (others)
  A human (Lair:6)
  A floating eye (D:13)
  A centaur (Volcano)
  10 fungi
  13 plants
26 creatures vanquished.

Grand Total: 1030 creatures vanquished

Notes
Turn   | Place    | Note
-------+----------+-------------------------------------------
     0 | D:1      | dobroeutro the Formicid Hunter began the quest for the Orb.
     0 | D:1      | Reached XP level 1. HP: 16/16 MP: 1/1
   170 | D:1      | Reached XP level 2. HP: 23/23 MP: 2/2
   383 | D:1      | Reached skill level 3 in Fighting
   544 | D:1      | Reached XP level 3. HP: 24/29 MP: 3/3
  1188 | D:2      | Reached skill level 8 in Fighting
  1188 | D:2      | Reached XP level 4. HP: 9/45 MP: 4/4
  1537 | D:2      | Reached XP level 5. HP: 43/51 MP: 5/5
  1538 | D:2      | Found a glowing golden altar of the Shining One.
  1643 | D:2      | Reached skill level 9 in Fighting
  1805 | D:2      | Noticed Terence
  1824 | D:2      | Killed Terence
  1856 | D:2      | Found a hazy altar of Hepliaklqana.
  2300 | D:2      | Found a faded altar of an unknown god.
  2300 | D:2      | Found a bloodstained altar of Trog.
  2305 | D:2      | Found a faded altar of an unknown god.
  2307 | D:2      | Found a faded altar of an unknown god.
  2316 | D:2      | Reached XP level 6. HP: 56/58 MP: 6/6
  2317 | D:2      | Found a faded altar of an unknown god.
  2540 | D:3      | Found an iron altar of Okawaru.
  2557 | D:3      | Became a worshipper of Warmaster Okawaru
  3002 | D:4      | Reached skill level 1 in Armour
  3032 | D:4      | Found Golloquw's Elemental Accessories.
  3033 | D:4      | Noticed Natasha
  3033 | D:4      | Noticed Philosophy's ghost (amateur CeHu)
  3148 | D:4      | Killed Philosophy's ghost
  3393 | D:4      | Killed Natasha
  3458 | D:4      | Noticed a phantom
  3493 | D:4      | Noticed Grinder
  3504 | D:4      | Killed Grinder
  3504 | D:4      | Reached XP level 7. HP: 55/64 MP: 7/7
  3522 | D:4      | Reached * piety under Okawaru
  3815 | D:4      | Reached XP level 8. HP: 71/71 MP: 8/8
  4114 | D:4      | Noticed Natasha
  4119 | D:4      | Killed Natasha
  4532 | D:4      | Noticed Ijyb
  4544 | D:4      | Killed Ijyb
  4665 | D:5      | Entered Level 5 of the Dungeon
  4768 | D:5      | Gained mutation: You are weak. (Str -2) [mutagenic meat]
  4771 | D:5      | Gained mutation: Your skin changes colour to match your surroundings (Stealth+). [mutagenic meat]
  4774 | D:5      | Gained mutation: You are clumsy. (Dex -2) [mutagenic meat]
  4777 | D:5      | Gained mutation: Your body sometimes deteriorates upon taking damage. [mutagenic meat]
  4909 | D:5      | Found a sparkling altar of Nemelex Xobeh.
  5055 | D:5      | Gained mutation: You are partially covered in iridescent scales. (AC +2) [mutagenic meat]
  5058 | D:5      | Lost mutation: You are clumsy. (Dex -2) [mutagenic meat]
  5061 | D:5      | Gained mutation: You have sharp toenails. [mutagenic meat]
  5064 | D:5      | Gained mutation: You evolve. [mutagenic meat]
  5137 | D:5      | Gained mutation: Your flesh is cold resistant. (rC+) [evolution]
  5248 | D:5      | Found a staircase to the Ecumenical Temple.
  5693 | D:6      | Found an ancient bone altar of Kikubaaqudgha.
  5841 | D:6      | Reached XP level 9. HP: 50/77 MP: 9/9
  5845 | D:6      | Reached ** piety under Okawaru
  6459 | D:6      | Gained mutation: Your movements are slightly less encumbered by armour. (ER -2) [evolution]
  6464 | D:6      | Reached skill level 10 in Fighting
  6464 | D:6      | Reached skill level 10 in Crossbows
  7037 | D:7      | Noticed a hornet
  7041 | D:7      | Killed a hornet
  7147 | D:7      | Found a white marble altar of Elyvilon.
  7160 | D:7      | Noticed anet's ghost (novice HEWz)
  7533 | D:7      | Noticed Joseph
  7533 | D:7      | Reached *** piety under Okawaru
  7568 | D:7      | Killed Joseph
  7568 | D:7      | Reached XP level 10. HP: 48/86 MP: 10/10
  7778 | D:7      | Killed anet's ghost
  7778 | D:7      | Reached skill level 11 in Fighting
  8547 | D:8      | Reached **** piety under Okawaru
  8554 | D:8      | Lost mutation: Your movements are slightly less encumbered by armour. (ER -2) [mutagenic meat]
  8557 | D:8      | Gained mutation: Scrolls take you a little longer to read. [mutagenic meat]
  8560 | D:8      | Gained mutation: Your spells are a little harder to cast, but a little more powerful. [mutagenic meat]
  8563 | D:8      | Gained mutation: You are clumsy. (Dex -2) [mutagenic meat]
  8637 | D:8      | Found an opulent altar of Gozag.
  8932 | D:8      | Lost mutation: Your body sometimes deteriorates upon taking damage. [mutagenic meat]
  8935 | D:8      | Gained mutation: Your flesh is very cold resistant. (rC++) [mutagenic meat]
  8938 | D:8      | Lost mutation: You are weak. (Str -2) [mutagenic meat]
  8941 | D:8      | Gained mutation: You expend magic power (3 MP) to strengthen your wands. [mutagenic meat]
  8944 | D:8      | Lost mutation: Your skin changes colour to match your surroundings (Stealth+). [mutagenic meat]
  9098 | D:9      | Found a staircase to the Lair.
  9168 | D:9      | Received a gift from Okawaru
  9338 | D:9      | Received a gift from Okawaru
  9462 | D:9      | Reached skill level 12 in Fighting
  9520 | D:9      | Reached XP level 11. HP: 89/95 MP: 11/11
  9652 | D:10     | Entered Level 10 of the Dungeon
  9698 | D:10     | Noticed a hill giant
  9706 | D:10     | Killed a hill giant
  9706 | D:10     | Reached ***** piety under Okawaru
  9827 | D:10     | Found a staircase to the Orcish Mines.
 10091 | D:10     | Lost mutation: You are clumsy. (Dex -2) [evolution]
 10529 | D:10     | Received a gift from Okawaru
 10545 | D:10     | Reached skill level 5 in Armour
 10706 | D:10     | Reached skill level 5 in Dodging
 10886 | D:11     | Noticed a hill giant
 10949 | D:11     | Noticed a hill giant
 10957 | D:11     | Killed a hill giant
 10957 | D:11     | Received a gift from Okawaru
 11021 | D:11     | Noticed an unseen horror
 11028 | D:11     | Killed an unseen horror
 11028 | D:11     | Received a gift from Okawaru
 11279 | D:11     | Killed a hill giant
 11344 | D:11     | Reached XP level 12. HP: 84/102 MP: 12/12
 11732 | D:12     | Reached skill level 13 in Fighting
 12167 | D:12     | Gained mutation: Your magical capacity is low. (-10% MP) [a neqoxec]
 12352 | D:12     | Noticed a skeletal warrior
 12743 | D:12     | Noticed a yaktaur captain
 12763 | D:12     | Gained mutation: You are robust. (+10% HP) [evolution]
 12763 | D:12     | Lost mutation: You evolve. [end of evolution]
 12767 | D:12     | Killed a yaktaur captain
 13207 | D:12     | Reached ****** piety under Okawaru
 13405 | D:12     | Received a gift from Okawaru
 13728 | D:12     | Received a gift from Okawaru
 13992 | D:12     | Killed a skeletal warrior
 13992 | D:12     | Reached XP level 13. HP: 122/122 MP: 8/11
 14689 | Lair:1   | Entered Level 1 of the Lair of Beasts
 14785 | Lair:1   | Received a gift from Okawaru
 14960 | Lair:1   | Found a dark tunnel.
 14967 | Volcano  | Entered a volcano
 15121 | Volcano  | Received a gift from Okawaru
 15121 | Volcano  | Reached skill level 14 in Fighting
 15121 | Volcano  | Reached skill level 1 in Shields
 16243 | Lair:1   | Received a gift from Okawaru
 16363 | Lair:2   | Found a hole to the Spider Nest.
 16738 | Lair:2   | Received a gift from Okawaru
 16751 | Lair:2   | Reached skill level 5 in Shields
 17762 | Lair:3   | Noticed Nergalle
 17768 | Lair:3   | Killed Nergalle
 18465 | Lair:4   | Reached XP level 14. HP: 128/133 MP: 12/12
 18689 | Lair:4   | Received a gift from Okawaru
 18918 | Lair:4   | Found a staircase to the Shoals.
 18928 | Lair:4   | Identified a scroll of acquirement
 18930 | Lair:4   | Got a crystal hand crossbow
 18931 | Lair:4   | Identified the +0 hand crossbow of the Insatiable Runes {freeze, -Tele rF++ rN+ Int+3} (You acquired it on level 4 of the Lair of Beasts)
 19136 | Lair:4   | Noticed Urug
 19174 | Lair:4   | Killed Urug
 19260 | Lair:4   | Received a gift from Okawaru
 20472 | Lair:5   | Received a gift from Okawaru
 20502 | Lair:5   | Received a gift from Okawaru
 20514 | Lair:5   | Got a crystal arbalest {god gift}
 20515 | Lair:5   | Identified the +6 arbalest "Hosawall" {venom, rF+ rC+} (Okawaru gifted it to you on level 5 of the Lair of Beasts)
 21134 | Lair:6   | Entered Level 6 of the Lair of Beasts
 21174 | Lair:6   | Reached skill level 15 in Fighting
 21326 | Lair:6   | Received a gift from Okawaru
 21378 | Lair:6   | Received a gift from Okawaru
 21412 | Lair:6   | Reached XP level 15. HP: 96/141 MP: 13/13
 21523 | Lair:6   | Reached skill level 10 in Armour
 21649 | Lair:6   | Noticed Kirke
 21664 | Lair:6   | Killed Kirke
 21664 | Lair:6   | Received a gift from Okawaru
 21864 | Lair:6   | Reached skill level 15 in Crossbows
 21869 | Lair:6   | Received a gift from Okawaru
 21872 | Lair:6   | Got a pair of crude boots {god gift}
 21883 | Lair:6   | Identified the +0 pair of boots of Okawaru's Envy {rN+ Str+3 Int+4 SInv} (Okawaru gifted it to you on level 6 of the Lair of Beasts)
 21941 | Lair:6   | Noticed Rupert
 21946 | Lair:6   | Killed Rupert
 21954 | Lair:6   | Found a runed door.
 21957 | Lair:6   | Found a viscous altar of Jiyva.
 21957 | Lair:6   | Noticed an acid blob
 21959 | Lair:6   | Found a staircase to the Slime Pits.
 22980 | Orc:1    | Entered Level 1 of the Orcish Mines
 23209 | Orc:1    | Reached skill level 16 in Fighting
 23497 | Orc:2    | Entered Level 2 of the Orcish Mines
 23590 | Orc:2    | Found a staircase to the Elven Halls.
 23602 | Orc:2    | Received a gift from Okawaru
 23672 | Orc:2    | Received a gift from Okawaru
 23672 | Orc:2    | Reached XP level 16. HP: 145/151 MP: 14/14
 23693 | Orc:2    | Reached skill level 10 in Dodging
 23949 | Orc:2    | Found Keotaff's General Store.
 23950 | Orc:2    | Found Wieho's Book Emporium.
 23951 | Orc:2    | Found Ytyifaf's Antique Armour Shoppe.
 23951 | Orc:2    | Found Ucvoiczu's Antique Weapon Shoppe.
 25069 | D:13     | Noticed Snorg
 25076 | D:13     | Killed Snorg
 25076 | D:13     | Received a gift from Okawaru
 25099 | D:13     | Noticed Nessos
 25103 | D:13     | Killed Nessos
 25291 | D:13     | Received a gift from Okawaru
 25531 | D:13     | Received a gift from Okawaru
 25568 | D:13     | Identified the Reference Book on Cloudy Sinister Rites
 26109 | D:14     | Reached skill level 17 in Fighting
 26119 | D:14     | Received a gift from Okawaru
 26442 | D:14     | Received a gift from Okawaru
 26513 | D:14     | Found a gate to the Vaults.
 26923 | D:14     | Received a gift from Okawaru
 26930 | D:14     | Got a pair of twisted boots {god gift}
 26941 | D:14     | Identified the +3 pair of boots "Huzxepu" {rC+ Str+3} (Okawaru gifted it to you on level 14 of the Dungeon)
 27097 | D:15     | Entered Level 15 of the Dungeon
 27238 | D:15     | Found a frozen archway.
 27274 | IceCv    | Entered an ice cave
 27382 | IceCv    | Noticed dobroeutro's ghost (journeyman FoHu)
 27403 | IceCv    | Killed dobroeutro's ghost
 27403 | IceCv    | Reached XP level 17. HP: 159/162 MP: 15/15
 27514 | IceCv    | Got a pitted chain mail
 27525 | IceCv    | Identified the +2 chain mail of Ryututz {rElec rC- Int+3} (You found it in an ice cave)
 27896 | D:15     | Found a basalt altar of Yredelemnul.
 28159 | D:15     | Found a staircase to the Depths.
 28558 | Spider:1 | Entered Level 1 of the Spider Nest
 28625 | Spider:1 | Reached skill level 18 in Fighting
 28734 | Spider:1 | Received a gift from Okawaru
 29024 | Spider:1 | Reached skill level 10 in Shields
 29088 | Spider:1 | Received a gift from Okawaru
 29092 | Spider:1 | Got a translucent arbalest {god gift}
 29093 | Spider:1 | Identified the +7 arbalest "Samisho Cisch" {freeze, Int+3 Dex+7} (Okawaru gifted it to you on level 1 of the Spider Nest)
 30161 | Spider:2 | Received a gift from Okawaru
 30406 | Spider:3 | Reached XP level 18. HP: 172/172 MP: 16/16
 30453 | Spider:2 | HP: 7/172 [entropy weaver (2)]
 30454 | Spider:2 | HP: 2/172 [redback (4)]
 30454 | Spider:2 | Slain by a tarantella

Vault maps used:
D:1:      dpeg_arrival_subterranean_lakeside_camping
D:2:      chequers_temple_overflow_minitemple, lemuel_doored_altar, first_bread,
          nicolae_tso_carved_into_rock, uniq_terence
D:3:      lemuel_crystal_altar
D:4:      kennysheep_goblin_castle, nrook_mini_vaults, nicolae_elemental_shop,
          uniq_grinder, uniq_natasha
D:5:      kennysheep_mini
D:6:      lemuel_round_altar
D:7:      basic_altar, serial_glass, glass_columns_a, glass_columns_a,
          item_on_display_a, item_on_display_a, minmay_strange_pillars,
          feat_on_display, uniq_joseph
D:8:      old_standard_altar
D:9:      kennysheep_six_static_rooms, dpeg_oklobed_lair
D:10:     minmay_orc_entry_guard_dogs
D:12:     minmay_connected_boxes_in_corner
D:13:     cheibrodos_hippocracy, blue_anna_alchemist, uniq_snorg, uniq_nessos
D:14:     hangedman_vaults_entry_quadrant_bands
D:15:     grunt_enter_depths_snipers, portal_ice_cave_entry_imps,
          hangedman_abyss_or_decor_lesser_grid, yredelemnul_altar_generic
Lair:1:   enter_volcano_1, serial_bayou_shore_b, grunt_megastairs_4
Lair:2:   dummy_spider_entry, eino_house_with_fridge
Lair:3:   serial_bayou, serial_bayou_lake_a, serial_bayou_shore_b,
          serial_bayou_shore_b, serial_bayou_pond_c, bobbens_dragon_lair_wall,
          uniq_nergalle
Lair:4:   lemuel_ratsnest, shoals_dummy_entry, special_room,
          guppyfry_lair_drakes, uniq_urug
Lair:6:   gammafunk_lair_ancient_temple, slime_altar_2, st_stairs_10,
          uniq_rupert, uniq_kirke
Spider:1: spiders_nest_scorpion_pit
Orc:1:    guppyfry_library_mini
Orc:2:    st_orc_congregation
IceCv:    ice_cave_tombish
Volcano:  volcano_village

Skill      XL: |  1  2  3  4  5  6  7  8  9 10 11 12 13 14 15 16 17 18 |
---------------+-------------------------------------------------------+-----
Fighting       | 3 8 9 10 12 13 14 15 16 17 18 | 18.3
Crossbows      | 8 9 10 11 12 13 14 15 16 17 | 17.2
Dodging        | 2 3 4 5 7 8 9 10 11 | 11.0
Armour         | 2 4 6 8 9 11 12 | 12.5
Shields        | 7 9 10 | 10.8
Stealth        | |  1.2

Action                   |  1- 3 |  4- 6 |  7- 9 | 10-12 | 13-15 | 16-18 || total
-------------------------+-------+-------+-------+-------+-------+-------++-------
Melee: Short sword       |    66 |       |       |       |       |       ||    66
       Spear             |    56 |   212 |   320 |       |       |       ||   588
       Halberd           |       |       |    26 |   285 |    48 |       ||   359
       Arbalest          |       |       |       |       |       |     2 ||     2
 Fire: Hand crossbow     |     7 |    16 |   113 |   296 |       |       ||   432
       Arbalest          |       |       |       |    84 |  1208 |   983 ||  2275
Invok: Heroism           |       |       |       |     8 |     2 |       ||    10
 Abil: Dig               |       |       |       |     5 |    26 |    15 ||    46
Evoke: Wand              |       |       |       |     1 |       |       ||     1
  Use: Potion            |     1 |     3 |       |     5 |     2 |     2 ||    13
       Scroll            |       |       |    11 |     9 |     9 |     7 ||    36
 Stab: Sleeping          |     2 |     2 |     7 |     7 |       |       ||    18
       Distracted        |     1 |     1 |       |       |       |       ||     2
  Eat: Chunk             |     1 |     7 |    16 |    32 |    11 |       ||    67
       Bread ration      |       |       |     1 |       |     2 |     2 ||     5
       Pizza             |       |       |       |     1 |     2 |     1 ||     4
       Meat ration       |       |       |       |       |     3 |     3 ||     6
       Royal jelly       |       |       |       |       |     2 |       ||     2
Armor: Leather armour    |    44 |    64 |   138 |   186 |       |       ||   432
       Chain mail        |       |       |    44 |    42 |   328 |    98 ||   512
       Scale mail        |       |       |       |     6 |    64 |       ||    70
       Plate armour      |       |       |       |       |       |   235 ||   235
Dodge: Dodged            |    94 |   124 |   265 |   362 |   302 |   226 ||  1373
Block: Large shield      |       |       |       |       |   768 |   613 ||  1381
